 Dungeon Crawl Stone Soup version 0.21.0-30-g47ce8e4 (webtiles) character file.

100 tidbits the Firebug (level 4, -1/32 HPs)
             Began as a Gnoll Fire Elementalist on Jan 28, 2018.
             Slain by a frilled lizard (2 damage)
             ... on level 3 of the Dungeon.
             The game lasted 00:03:31 (505 turns).

tidbits the Firebug (Gnoll Fire Elementalist)        Turns: 505, Time: 00:03:32

Health: -1/32      AC:  2    Str:  9 (11) XL:     4   Next: 73%
Magic:  1/11       EV: 11    Int: 16 (18) God:
Gold:   16         SH:  0    Dex: 12 (15) Spells: 12/13 levels left

rFire    . . .     SeeInvis .   a - +1 dagger
rCold    . . .     Gourm    .   (no shield)
rNeg     . . .     Faith    .   h - +0 robe
rPois    .         Spirit   .   (no helmet)
rElec    .         Reflect  .   (no cloak)
rCorr    .         Harm     .   (no gloves)
MR       .....                  (no boots)
Stlth    +++.......             (no amulet)
HPRegen  0.10/turn              l - -3 ring of evasion (curse)
MPRegen  0.12/turn              (no ring)

@: very slightly contaminated
A: distributed training, fangs 1, strong nose
a: no special abilities


You were on level 3 of the Dungeon.
You were not hungry.

You visited 1 branch of the dungeon, and saw 3 of its levels.

You collected 16 gold pieces.

Inventory:

Hand Weapons
 a - a +1 dagger (weapon)
 e - a +0 club
 k - a +0 hunting sling
 n - a +0 falchion
Missiles
 d - 10 arrows
 m - 10 stones (quivered)
Armour
 h - a +0 robe (worn)
Jewellery
 l - a cursed -3 ring of evasion (left hand)
   (You found it on level 2 of the Dungeon)
Scrolls
 j - 2 scrolls of teleportation
Books
 b - a book of Flames

   Spells                             Type                      Level
   a - Flame Tongue                   Conjuration/Fire             1
   b - Throw Flame                    Conjuration/Fire             2
   c - Conjure Flame                  Conjuration/Fire             3
   d - Inner Flame                    Hexes/Fire                   3
   e - Sticky Flame                   Conjuration/Fire             4
   f - Fireball                       Conjuration/Fire             5
Comestibles
 c - 4 rations


   Skills:
 + Level 1.2 Fighting
 + Level 1.2 Short Blades
 + Level 1.2 Long Blades
 + Level 1.2 Axes
 + Level 1.2 Maces & Flails
 + Level 1.2 Polearms
 + Level 1.2 Staves
 + Level 1.2 Slings
 + Level 1.2 Bows
 + Level 1.2 Crossbows
 + Level 1.2 Throwing
 + Level 1.2 Armour
 + Level 4.6 Dodging
 + Level 4.3 Stealth
 + Level 1.2 Shields
 + Level 1.2 Unarmed Combat
 + Level 5.1 Spellcasting
 + Level 2.2 Conjurations
 + Level 1.0 Hexes
 + Level 1.0 Charms
 + Level 1.0 Summonings
 + Level 1.0 Necromancy
 + Level 1.0 Translocations
 + Level 1.0 Transmutations
 + Level 5.5 Fire Magic
 + Level 1.0 Ice Magic
 + Level 1.0 Air Magic
 + Level 1.0 Earth Magic
 + Level 1.0 Poison Magic
 + Level 1.3 Invocations
 + Level 1.2 Evocations


You had 12 spell levels left.
You knew the following spells:

 Your Spells              Type           Power        Failure   Level  Hunger
a - Flame Tongue          Conj/Fire      ###..        3%          1    None


Dungeon Overview and Level Annotations

Branches:
Dungeon (3/15)

Altars:


Innate Abilities, Weirdness & Mutations

Your experience applies equally to all skills.
You have very sharp teeth.
Your uncanny sense of smell can sniff out nearby items.


Message History

The frilled lizard bites you but does no damage.
Casting: Flame Tongue
Confirm with . or Enter, or press ? or * to list all spells.
Aiming: Flame Tongue
Press: ? - help, Shift-Dir - straight line, f/p - orc wizard
Aim: an orc wizard, wielding a dagger and wearing a robe (almost dead)
The flame tongue hits the orc wizard.
You kill the orc wizard!
Your Hexes skill increases to level 1!
Your Charms skill increases to level 1!
Your Summonings skill increases to level 1!
Your Necromancy skill increases to level 1!
Your Translocations skill increases to level 1!
Your Transmutations skill increases to level 1!
Your Ice Magic skill increases to level 1!
Your Air Magic skill increases to level 1!
Your Earth Magic skill increases to level 1!
Your Poison Magic skill increases to level 1!
You feel sick. The bat misses you. The frilled lizard closely misses you.
A frilled lizard comes into view.
The bat misses you. The bat hits you.
* * * LOW HITPOINT WARNING * * *
The frilled lizard misses you. The bat closely misses you.
The frilled lizard bites you.
* * * LOW HITPOINT WARNING * * *
The frilled lizard hisses angrily.
The bat misses you. The bat hits you but does no damage.
The frilled lizard bites you but does no damage.
You feel sick. The bat closely misses you. The bat barely misses you.
You closely miss the bat. The bat barely misses you.
You closely miss the bat. The bat misses you. The bat barely misses you.
You hit the bat.
You kill the bat!
Casting: Flame Tongue
Confirm with . or Enter, or press ? or * to list all spells.
Aiming: Flame Tongue
Press: ? - help, Shift-Dir - straight line, f - orc
Aim: an orc, wielding a flail The flame tongue hits the orc.
The orc is severely wounded.
You feel sick. The orc hits you with a flail!
* * * LOW HITPOINT WARNING * * *
Casting: Flame Tongue
Confirm with . or Enter, or press ? or * to list all spells.
Aiming: Flame Tongue
Press: ? - help, Shift-Dir - straight line, f/p - orc
Aim: an orc, wielding a flail (severely wounded)
The flame tongue hits the orc.
You kill the orc!
It was a potion of degeneration.
There was something very wrong with that liquid.
You feel weakened.
You feel dopey.
You feel clumsy. The frilled lizard bites you.
* * * LOW HITPOINT WARNING * * *
It was a potion of curing.
You feel better. The frilled lizard closely misses you.
You hit the frilled lizard.
You kill the frilled lizard!
Casting: Flame Tongue
Confirm with . or Enter, or press ? or * to list all spells.
Aiming: Flame Tongue
Press: ? - help, Shift-Dir - straight line, f - orc
Aim: an orc, wielding an antimagic hand axe The flame tongue misses the orc.
The orc hits you with an antimagic hand axe.
* * * LOW HITPOINT WARNING * * *
You feel your power leaking away.
Casting: Flame Tongue
Confirm with . or Enter, or press ? or * to list all spells.
Aiming: Flame Tongue
Press: ? - help, Shift-Dir - straight line, f/p - orc
Aim: an orc, wielding an antimagic hand axe You miscast Flame Tongue.
You are very lightly contaminated with residual magic.
Nothing appears to happen.
The orc hits you but does no damage.
Casting: Flame Tongue
Confirm with . or Enter, or press ? or * to list all spells.
Aiming: Flame Tongue
Press: ? - help, Shift-Dir - straight line, f/p - orc
Aim: an orc, wielding an antimagic hand axe The flame tongue hits the orc.
The orc is lightly wounded.
The orc hits you with an antimagic hand axe!
* * * LOW HITPOINT WARNING * * *
You hit the orc.
The orc is heavily wounded.
The orc closely misses you.
You hit the orc.
The orc is severely wounded.
The orc closely misses you.
You hit the orc.
You kill the orc!
You miss the frilled lizard. The frilled lizard barely misses you.
You hit the frilled lizard.
The frilled lizard is heavily wounded.
The frilled lizard bites you.
* * * LOW HITPOINT WARNING * * *
You miss the frilled lizard.
The frilled lizard is heavily wounded.
The frilled lizard bites you.
You die...

#. #.#.# ## #$
#.#.. .$ .# #.
#.### #b###### l#
#. #.# #o.... .# #.
#.# #..o.# .# #.
#.# #)# ##.##
#.##.#
#.####...####.#.#.#
#..l@..#.....###..#
#..###...# #.#.###
#..# ##.######.##
#..# #........#
...# ##########
##l## #.# ∆ #>. ..


You could see a frilled lizard.

Vanquished Creatures
  An orc priest (D:3)
  An orc wizard (D:3)
  An adder (D:3)
  A worm (D:2)
  4 orcs (D:3)
  3 giant cockroaches
  6 goblins
  4 hobgoblins
  2 ball pythons
  A bat (D:3)
  A frilled lizard (D:3)
  A rat (D:1)
26 creatures vanquished.

Notes
Turn   | Place    | Note
-------+----------+-------------------------------------------
     0 | D:1      | tidbits the Gnoll Fire Elementalist began the quest for the Orb.
     0 | D:1      | Reached XP level 1. HP: 13/13 MP: 6/6
    80 | D:1      | Reached skill level 2 in Conjurations
   125 | D:1      | Reached XP level 2. HP: 16/19 MP: 4/7
   383 | D:3      | Reached skill level 5 in Spellcasting
   383 | D:3      | Reached skill level 1 in Invocations
   383 | D:3      | Reached XP level 3. HP: 14/25 MP: 0/9
   423 | D:3      | Reached skill level 1 in Fighting
   423 | D:3      | Reached skill level 1 in Short Blades
   423 | D:3      | Reached skill level 1 in Long Blades
   423 | D:3      | Reached skill level 1 in Axes
   423 | D:3      | Reached skill level 1 in Maces & Flails
   423 | D:3      | Reached skill level 1 in Polearms
   423 | D:3      | Reached skill level 1 in Staves
   423 | D:3      | Reached skill level 1 in Slings
   423 | D:3      | Reached skill level 1 in Bows
   423 | D:3      | Reached skill level 1 in Crossbows
   423 | D:3      | Reached skill level 1 in Throwing
   423 | D:3      | Reached skill level 1 in Armour
   423 | D:3      | Reached skill level 1 in Shields
   423 | D:3      | Reached skill level 1 in Unarmed Combat
   423 | D:3      | Reached skill level 1 in Evocations
   471 | D:3      | Reached XP level 4. HP: 27/32 MP: 7/11
   484 | D:3      | Reached skill level 1 in Hexes
   484 | D:3      | Reached skill level 1 in Charms
   484 | D:3      | Reached skill level 1 in Summonings
   484 | D:3      | Reached skill level 1 in Necromancy
   484 | D:3      | Reached skill level 1 in Translocations
   484 | D:3      | Reached skill level 1 in Transmutations
   484 | D:3      | Reached skill level 1 in Ice Magic
   484 | D:3      | Reached skill level 1 in Air Magic
   484 | D:3      | Reached skill level 1 in Earth Magic
   484 | D:3      | Reached skill level 1 in Poison Magic
   494 | D:3      | HP: 2/32 [frilled lizard (2)]
   499 | D:3      | HP: 1/32 [orc/antimagic hand axe (8)]
   504 | D:3      | HP: 1/32 [frilled lizard (1)]
   505 | D:3      | Slain by a frilled lizard

Skill      XL: |  1  2  3  4 |
---------------+-------------+-----
Conjurations   | 2 |  2.2
Spellcasting   | 5 |  5.1
Invocations    | 1 |  1.3
Fighting       | 1 |  1.2
Short Blades   | 1 |  1.2
Long Blades    | 1 |  1.2
Axes           | 1 |  1.2
Maces & Flails | 1 |  1.2
Polearms       | 1 |  1.2
Staves         | 1 |  1.2
Slings         | 1 |  1.2
Bows           | 1 |  1.2
Crossbows      | 1 |  1.2
Throwing       | 1 |  1.2
Armour         | 1 |  1.2
Shields        | 1 |  1.2
Unarmed Combat | 1 |  1.2
Evocations     | 1 |  1.2
Hexes          | 1 |  1.0
Charms         | 1 |  1.0
Summonings     | 1 |  1.0
Necromancy     | 1 |  1.0
Translocations | 1 |  1.0
Transmutations | 1 |  1.0
Ice Magic      | 1 |  1.0
Air Magic      | 1 |  1.0
Earth Magic    | 1 |  1.0
Poison Magic   | 1 |  1.0
Dodging        | |  4.6
Stealth        | |  4.3
Fire Magic     | |  5.5

Action                   |  1- 3 |  4- 6 || total
-------------------------+-------+-------++-------
Melee: Dagger            |     4 |    12 ||    16
 Cast: Flame Tongue      |    29 |    11 ||    40
  Use: Scroll            |     2 |       ||     2
       Potion            |       |     3 ||     3
 Stab: Sleeping          |     4 |       ||     4
Armor: Robe              |     1 |     3 ||     4
Dodge: Dodged            |     4 |    21 ||    25

Table legend:
 A = Turns spent in this place as a percentage of turns spent in the entire game.
 B = Non-inter-level travel turns spent in this place as a percentage of non-inter-level travel turns spent in the entire game.
 C = Inter-level travel turns spent in this place as a percentage of turns spent in this place.
 D = Turns resting spent in this place as a percentage of non-inter-level travel turns spent in this place.
 E = Turns spent auto-exploring this place as a percentage of non-inter-level travel turns spent in this place.
 F = Non-inter-level travel turns spent in this place divided by the number of levels of this place that you've seen.
                   A       B       C       D       E      F
               +-------+-------+-------+-------+-------+----------------------
         Total | 100.0 | 100.0 |   0.0 |   0.0 |   0.0 | 168.3
       Dungeon | 100.0 | 100.0 |   0.0 |   0.0 |   0.0 | 168.3
               +-------+-------+-------+-------+-------+----------------------

Table legend:
 A = Kills in this place as a percentage of kills in entire the game.
 B = Kills by you in this place as a percentage of kills by you in the entire game.
 C = Kills by friends in this place as a percentage of kills by friends in the entire game.
 D = Other kills in this place as a percentage of other kills in the entire game.
 E = Experience gained in this place as a percentage of experience gained in the entire game.
 F = Experience gained in this place divided by the number of levels of this place that you have seen.
                   A       B       C       D       E      F
               +-------+-------+-------+-------+-------+----------------------
         Total | 100.0 | 100.0 |   N/A |   N/A | 100.0 |  47.7
       Dungeon | 100.0 | 100.0 |   N/A |   N/A | 100.0 |  47.7
               +-------+-------+-------+-------+-------+----------------------

Vault maps used:
D:1:      denvon_arrival_planthouse
D:3:      lemuel_round_altar, makhleb_grotto_becter
